 Dungeon Crawl Stone Soup version 0.30.0-29-ga12c61a403 (webtiles) character file.

Game seed: 15891145912097791707

21 Nicoed the Covered (level 2, -4/27 HPs)
             Began as a Minotaur Fighter on June 12, 2023.
             Slain by a goblin
             ... wielding a +0 dagger of electrocution
              (19 damage)
             ... on level 1 of the Dungeon.
             The game lasted 00:00:09 (211 turns).

Nicoed the Covered (Minotaur Fighter)                Turns: 211, Time: 00:00:10

Health: -4/27      AC:  7    Str: 20    XL:     2   Next: 65%
Magic:  1/1        EV:  9    Int:  5    God:
Gold:   25         SH:  4    Dex:  9    Spells: 1/1 levels left

rFire   . . .        a - +0 war axe
rCold   . . .        c - +0 buckler
rNeg    . . .        b - +0 scale mail
rPois   .            (helmet restricted)
rElec   .            (no cloak)
rCorr   .            (no gloves)
SInv    .            (no boots)
Will    .....        (no amulet) Stlth
                     (no ring)
HPRegen 0.24/turn    (no ring)
MPRegen 0.07/turn

%: no passive effects
@: no status effects
A: horns 2, retaliatory headbutt
a: no special abilities


You were on level 1 of the Dungeon.
You visited 1 branch of the dungeon, and saw 1 of its levels.

You collected 25 gold pieces.

Inventory:

Hand Weapons
 a - a +0 war axe (weapon)
Armour
 b - a +0 scale mail (worn)
 c - a +0 buckler (worn)
Scrolls
 e - a scroll of noise {unknown}
 g - a scroll of enchant weapon {unknown}
Potions
 d - a potion of might
 f - a potion of curing {unknown}


   Skills:
 - Level 4.0 Fighting
 + Level 2.9 Axes
 - Level 4.0 Armour
 - Level 4.0 Shields


You had one spell level left.
You didn't know any spells.
Your spell library was empty.

Dungeon Overview and Level Annotations

Branches:
Dungeon (1/15)

Altars:


Innate Abilities, Weirdness & Mutations

You have a pair of horns on your head.
You reflexively headbutt those who attack you in melee.


Message History

The gnoll is moderately wounded.
You barely miss the jackal.
The jackal bites you but does no damage.
The gnoll hits you with a +0 club.
The jackal bites you but does no damage.
The gnoll closely misses you.
You barely miss the gnoll. Your headbutt misses the gnoll.
The gnoll is moderately wounded.
You closely miss the jackal. The jackal barely misses you.
The gnoll hits you with a +0 club.
The jackal bites you but does no damage.
There are monsters nearby!
You hit the gnoll.
The gnoll is severely wounded.
You barely miss the jackal. You block the jackal's attack.
The gnoll hits you with a +0 club. The jackal closely misses you.
You block the gnoll's attack.
Unknown command.
There are monsters nearby!
You slash the gnoll!
You kill the gnoll!
You closely miss the goblin. You hit the jackal.
The jackal bites you but does no damage.
The goblin closely misses you.
The jackal bites you but does no damage.
Training target 4.0 for Armour reached!
Training target 4.0 for Fighting reached!
Training target 4.0 for Shields reached!
Your Fighting skill increases to level 4!
Your Armour skill increases to level 4!
Your Shields skill increases to level 4!
Unknown command.
There are monsters nearby!
You closely miss the jackal. Your headbutt misses the jackal.
The jackal is severely wounded.
You closely miss the goblin.
The jackal bites you but does no damage.
The goblin hits you but does no damage.
You are electrocuted!!
Ouch! That really hurt!
You die...

#.......# ###.
#.......# #...
####.#### #.##
#.# #.# #.# #.#
#.# ##.## ##.##
#####...# #...#
..........
#.#@#.#
######...#
......hg).....#
#.....##
.####.#.#.#####
#.##### ##...##
# #.# #.# #.#
#.#


You could see a jackal and a goblin.

Vanquished Creatures
  A gnoll (D:1)
  A dart slug (D:1)
  A ball python (D:1)
  2 bats (D:1)
  A hobgoblin (D:1)
  2 jackals (D:1)
  A frilled lizard (D:1)
9 creatures vanquished.

Notes
Turn   | Place    | Note
-------+----------+-------------------------------------------
     0 | D:1      | Nicoed the Minotaur Fighter began the quest for the Orb.
     0 | D:1      | Reached XP level 1. HP: 19/19 MP: 0/0
   204 | D:1      | Reached XP level 2. HP: 21/27 MP: 1/1
   211 | D:1      | Slain by a goblin

Illustrated notes

Levels and vault maps discovered:
D:1:      dpeg_arrival_rooms_a, layout_loops_ring,
          nicolae_ecumenical_lake_church

Skill      XL: |  1  2 |
---------------+-------+-----
Fighting       | 4 |  4.0
Armour         | 4 |  4.0
Shields        | 4 |  4.0
Axes           | |  2.9

Action                     || total
---------------------------++-------
  Melee: War axe           ||    20
         Headbutt          ||     2
 Armour: Scale mail        ||    15
  Dodge: Dodged            ||    19
  Block: Buckler           ||     4
